 Dungeon Crawl Stone Soup version 0.31-a0-851-g7ff8af7976 (webtiles) character file.

Game seed: 16997522054067623572

119 BinkBink the Trooper (level 4, 0/45 HPs)
             Began as a Troll Fighter on Oct 6, 2023.
             Slain by an ogre
             ... wielding a +0 giant spiked club
              (23 damage)
             ... on level 4 of the Dungeon.
             The game lasted 00:02:12 (2251 turns).

BinkBink the Trooper (Troll Fighter)                Turns: 2251, Time: 00:02:12

Health: 0/45       AC: 11    Str: 26    XL:     4   Next: 74%
Magic:  3/3        EV:  9    Int:  4    God:
Gold:   201        SH:  7    Dex:  9    Spells: 3/3 levels left

rFire   . . .        j - +0 mace (protect)
rCold   . . .        c - +0 kite shield
rNeg    . . .        b - +0 robe
rPois   .            (helmet restricted)
rElec   .            (no cloak)
rCorr   .            (gloves unavailable)
SInv    .            (boots unavailable)
Will    .....        (no amulet)
Stlth   +            o - ring of flight
HPRegen 1.07/turn    (no ring)
MPRegen 0.08/turn

%: no passive effects
@: under a protective aura, flying
A: large, unfitting armour, claws 3, regeneration 1, shaggy fur 1, tough skin 1
a: no special abilities


You were on level 4 of the Dungeon.
You visited 1 branch of the dungeon, and saw 4 of its levels.

You collected 201 gold pieces.

Inventory:

Hand Weapons
 a - a +0 flail
 j - a +0 mace of protection (weapon)
Armour
 b - a +0 robe (worn)
 c - a +0 kite shield (worn)
Jewellery
 o - a ring of flight (left claw)
 p - a ring of poison resistance
 r - an amulet of faith
Scrolls
 f - 2 scrolls of blinking {unknown}
 m - 2 scrolls of teleportation {unknown}
 q - a scroll of fear {unknown}
 s - a scroll of fog {unknown}
Potions
 d - 4 potions of might
 e - a potion of invisibility {unknown}
 g - a potion of brilliance {unknown}
 h - a potion of degeneration {unknown}
 i - 2 potions of heal wounds {unknown}
 k - a potion of lignification {unknown}
 l - a potion of cancellation {unknown}
 n - a potion of attraction {unknown}


   Skills:
 * Level 3.3 Fighting
 * Level 2.9 Maces & Flails
 + Level 2.8 Dodging
 + Level 3.1 Shields


You had 3 spell levels left.
You didn't know any spells.
Your spell library contained the following spells:

 Spells                   Type           Power      Damage    Failure   Level
 Blink                    Tloc           0%         N/A       87%         2
 Manifold Assault         Tloc           0%         N/A       100%        4


Dungeon Overview and Level Annotations

Branches:
Dungeon (4/15)
 Temple: D:4-7

Altars:
Yredelemnul


Innate Abilities, Weirdness & Mutations

You are too large for most types of armour.
You have claws for hands.
Your natural rate of healing is unusually fast.
You are covered in fur. (AC +1)
You have tough skin. (AC +1)


Message History

Found a stone staircase leading up.
You now have 201 gold pieces (gained 6).
A ball python comes into view.
The ball python hisses angrily.
A ball python is nearby!
You hit the ball python but do no damage.
Your weapon exudes an aura of protection.
You block the ball python's attack.
The ball python bites you but does no damage.
You sock the ball python!
You kill the ball python!
No target in view!
No target in view!
You reach down and open the gate.
There is a stone staircase leading down here.
Done exploring.
Done exploring.
Done exploring.
There is a stone staircase leading down here.
You fly downwards.
There is a stone staircase leading up here.
Found a ring mail.
You see here a +0 ring mail.
A quokka and an ogre come into view.
The ogre shouts!
There are monsters nearby!
You block the quokka's attack. The quokka barely misses you.
The ogre hits you with a +0 giant spiked club!!
Ouch! That really hurt!
You are too injured to fight recklessly!
You hit the ogre.
Your weapon exudes an aura of protection.
The ogre is moderately wounded.
The quokka misses you.
You hit the ogre.
The ogre is moderately wounded.
The quokka bites you but does no damage.
The ogre hits you with a +0 giant spiked club!!
Ouch! That really hurt!
You die...

#.###..
.....#.#.....#
#####..... ..#....
#.....#... #.#.#.#
......... #.#.#.#
#........ #.#.#.#
#.......####.#.#.#
#.....Or.........#
#@####.#.###
##.####.#.#
#.......#.#
#..######.#
#..######.#########
#..##.....#.[.....#
#..##.....#.#####.#
#..##.....#.#.....#
...######.#.#.#####


You could see an ogre and a quokka.

Vanquished Creatures
  An orc priest (D:3)
  3 adders
  3 worms
  2 dart slugs
  3 orcs (D:3)
  4 endoplasms
  A giant cockroach (D:1)
  4 goblins
  3 hobgoblins
  3 jackals (D:2)
  6 kobolds
  7 ball pythons
  5 bats (D:1)
  2 frilled lizards (D:1)
  3 rats
50 creatures vanquished.

Notes
Turn   | Place    | Note
-------+----------+-------------------------------------------
     0 | D:1      | BinkBink the Troll Fighter began the quest for the Orb.
     0 | D:1      | Reached XP level 1. HP: 22/22 MP: 0/0
    59 | D:1      | Found a faded altar of an unknown god.
   309 | D:1      | Reached XP level 2. HP: 29/29 MP: 1/1
  1025 | D:2      | Reached XP level 3. HP: 36/36 MP: 2/2
  1108 | D:2      | Found a basalt altar of Yredelemnul.
  1635 | D:3      | Reached XP level 4. HP: 45/45 MP: 3/3
  2247 | D:4      | Noticed an ogre
  2251 | D:4      | Slain by an ogre

Illustrated notes

Levels and vault maps discovered:
D:1:      dpeg_arrival_orchard, layout_basic, ebering_ecumenical_altar_ruins
D:2:      layout_basic, basic_altar
D:3:      layout_basic, mrwooster_statue_mirror, kennysheep_cross_bottleneck
D:4:      layout_basic, mainiacjoe_overflow_small_starburst, dk_vineyard_2,
          nicolae_concentric_dashed_squares_mild

Skill      XL: |  1  2  3 |
---------------+----------+-----
Maces & Flails | 2 |  2.9
Fighting       | 3 |  3.3
Shields        | 3 |  3.1
Dodging        | |  2.8

Action                     |  1- 3 |  4- 6 || total
---------------------------+-------+-------++-------
  Melee: Flail             |    57 |       ||    57
         Mace              |    50 |    36 ||    86
 Armour: Robe              |    56 |    24 ||    80
  Dodge: Dodged            |    44 |    11 ||    55
  Block: Kite shield       |    44 |     9 ||    53

Table legend: (Time is in decaauts)
 A = Elapsed time spent in this place.
 B = Non-inter-level travel time spent in this place.
 C = Inter-level travel time spent in this place.
 D = Time resting spent in this place.
 E = Time spent auto-exploring this place.
 F = Levels seen in this place.
 G = Mean time per level.
                   A        B        C        D        E       F      G
               +--------+--------+--------+--------+--------+-----+--------+
         Total |   2306 |   2241 |     65 |      0 |   1845 |   4 |  576.5 |
       Dungeon |   2306 |   2241 |     65 |      0 |   1845 |   4 |  576.5 |
               +--------+--------+--------+--------+--------+-----+--------+

Top non-repeatable levels by time:
     D:1: 1021 daAuts
     D:2: 645 daAuts
     D:3: 582 daAuts
     D:4: 57 daAuts
